 Seeded DCSS version 0.28-a0-1236-gb25a51b929 (webtiles) character file.

Game seed: 1064 (custom seed)

9984 a11behringer the Impaler (level 11, 0/92 (95) HPs)
             Began as a Minotaur Fighter on Dec 25, 2021.
             Was an Elder of Okawaru.
             Killed from afar by a molten gargoyle (14 damage)
             ... with a bolt of magma
             ... on level 12 of the Dungeon.
             The game lasted 00:33:03 (11447 turns).

a11behringer the Impaler (Minotaur Fighter)        Turns: 11447, Time: 00:33:03

HP:   0/92 (95)     AC: 18    Str: 34      XL:     11   Next: 30%
MP:   13/14         EV: 12    Int:  3 (5)  God:    Okawaru [****..]
Gold: 1650          SH:  6    Dex: 13      Spells: 10/10 levels left

rFire   . . .      SeeInvis .   F - +2 trident (vamp)
rCold   . . .      Faith    .   c - +0 buckler
rNeg    . . .      Spirit   .   P - +0 plate armour
rPois   +          Reflect  .   X - +2 hat
rElec   +          Harm     .   f - +1 cloak
rCorr   +          Rampage  .   (no gloves)
Will    ++...                   D - +0 pair of boots
Stlth   ..........              (no amulet)
HPRegen 0.25/turn               m - ring of the Queen {*Slow rElec rPois Str+6}
MPRegen 0.14/turn               M - ring "Gex Una" {Will++ rCorr Str+3 Dex+3}

@: heroic, lightly drained
A: horns 2, retaliatory headbutt, deformed body
a: Renounce Religion, Heroism, Finesse


You were on level 12 of the Dungeon.
You worshipped Okawaru.
Okawaru was greatly pleased with you.
You visited 2 branches of the dungeon, and saw 13 of its levels.
You visited the Abyss 1 time.

You collected 1650 gold pieces.

Inventory:

Hand Weapons
 a - a +0 trident of protection
 w - the +11 dagger "Plojy" {pain, Fly Str+3 Int+4}
   (You found it on level 4 of the Dungeon)

   In the hands of one skilled in necromantic magic, it inflicts extra damage on
   living creatures.
   Str:       It affects your strength (+3).
   Int:       It affects your intelligence (+4).
   Fly:       It grants you flight.
 F - a +2 vampiric trident (weapon)
 Z - a +3 hunting sling
Missiles
 p - 117 sling bullets
Armour
 c - a +0 buckler (worn)
 f - a +1 cloak (worn)
 g - a +0 scale mail of fire resistance
 D - a +0 pair of boots (worn)
 J - a +0 tower shield
 P - a +0 plate armour (worn)
 X - a +2 hat (worn)
Jewellery
 m - the ring of the Queen (left hand) {*Slow rElec rPois Str+6}
   (You acquired it on level 4 of the Dungeon)

   [ring of poison resistance]

   Str:       It affects your strength (+6).
   rElec:     It insulates you from electricity.
   rPois:     It protects you from poison.
   *Slow:     It may slow you when you take damage.
 x - a +6 ring of dexterity
 z - a ring of flight
 C - a ring of resist corrosion
 M - the ring "Gex Una" (right hand) {Will++ rCorr Str+3 Dex+3}
   (You found it on level 1 of the Abyss)

   [ring of resist corrosion]

   Str:       It affects your strength (+3).
   Dex:       It affects your dexterity (+3).
   rCorr:     It protects you from acid and corrosion.
   Will:      It greatly increases your willpower.
Wands
 H - a wand of flame (40)
 L - a wand of digging (5)
 R - a wand of iceblast (8)
 T - a wand of acid (2)
 W - a wand of paralysis (7)
Scrolls
 e - a scroll of noise {unknown}
 l - a scroll of torment {unknown}
 o - 2 scrolls of enchant armour
 r - a scroll of holy word
 v - a scroll of brand weapon
 y - a scroll of enchant weapon {unknown}
 A - a scroll of blinking
 I - a scroll of silence {unknown}
 N - 6 scrolls of teleportation
 U - a scroll of vulnerability {unknown}
Potions
 b - 2 potions of heal wounds
 d - a potion of might
 h - 2 potions of mutation
 i - a potion of resistance {unknown}
 j - a potion of ambrosia
 n - 4 potions of curing
 s - a potion of haste
 t - 6 potions of brilliance
 B - 2 potions of lignification
 G - 3 potions of flight
 S - 2 potions of attraction
 Y - a potion of magic


   Skills:
 + Level 8.6(13.6) Fighting
 * Level 15.4(20.4) Polearms
 + Level 9.8(14.8) Armour
 + Level 3.1(8.1) Dodging
 - Level 4.2(9.2) Shields
 * Level 5.9 Invocations


You had 10 spell levels left.
You didn't know any spells.
Your spell library contained the following spells:

 Spells                   Type           Power      Damage    Failure   Level
 Apportation              Tloc           0%         N/A       95%         1
 Slow                     Hex            0%         N/A       95%         1
 Static Discharge         Conj/Air       0%         N/A       99%         2
 Confusing Touch          Hex            0%         N/A       100%        3
 Gell's Gravitas          Tloc           0%         N/A       100%        3
 Lesser Beckoning         Tloc           0%         N/A       100%        3
 Teleport Other           Tloc           0%         N/A       100%        3
 Vampiric Draining        Necr           0%         2d6       100%        3
 Dispel Undead            Necr           0%         3d6       100%        4
 Sticky Flame             Conj/Fire      0%         2d3       100%        4
 Animate Skeleton         Necr           Unusable   N/A       N/A         1
 Summon Small Mammal      Summ           Unusable   N/A       N/A         1

Dungeon Overview and Level Annotations

Branches:
Dungeon (12/15)            Temple (1/1) D:4            Lair (0/6) D:9
    Orc (0/2) D:11

Altars:
Ashenzari
Cheibriados
Dithmenos
Elyvilon
Fedhas
Gozag
Hepliaklqana
Kikubaaqudgha
Makhleb
Nemelex Xobeh
Okawaru
Qazlal
Ru
Sif Muna
Trog
Uskayaw
Vehumet
Wu Jian
Xom
Yredelemnul
Zin
The Shining One

Annotations:
D:8 exclusion: 3 orange crystal statues
D:11 3 runed translucent doors, Jiurphiho's ghost, journeyman GnCA


Innate Abilities, Weirdness & Mutations

You have a pair of horns on your head.
You reflexively headbutt those who attack you in melee.
Armour fits poorly on your strangely shaped body.


Message History

The molten gargoyle is severely damaged.
The cyclops throws a large rock.
The large rock misses you.
You puncture the molten gargoyle!
You destroy the molten gargoyle!
Okawaru accepts your kill.
The molten gargoyle blasts magma at you!
The bolt of magma hits the lava snake.
The lava snake partially resists.
The bolt of magma hits you!
* * * LOW HITPOINT WARNING * * *
A molten gargoyle comes into view. It is wielding a +0 morningstar.
You see here a +0 flail.
Unknown command.
The lava snake barely misses you.
The molten gargoyle hits you but does no damage.
Found a long sword.
You barely miss the lava snake. Your headbutt misses the lava snake.
The lava snake is moderately wounded.
The lava snake spits lava at you.
The glob of lava hits you but does no damage.
A fire vortex comes into view.
You impale the lava snake!!
You feel better.
You kill the lava snake!
Okawaru accepts your kill.
The molten gargoyle blasts magma at you!
The bolt of magma hits you!
* * * LOW HITPOINT WARNING * * *
You impale the molten gargoyle!!
You headbutt the molten gargoyle, but do no damage.
The molten gargoyle is heavily damaged.
The molten gargoyle closely misses you. You furiously retaliate!
You headbutt the molten gargoyle, but do no damage.
You hit the molten gargoyle.
Your headbutt misses the molten gargoyle.
The molten gargoyle is heavily damaged.
You hit the molten gargoyle.
Your headbutt misses the molten gargoyle.
The molten gargoyle is heavily damaged.
The molten gargoyle blasts magma at you!
The bolt of magma hits you!
You die...

#......##....
#...........#
#?.....####.#
#?.....#
#......#
#......#
#......#
#.#)#.##
#.#@#.#.#
#..C.9≈...##
#..≈≈≈9≈v§#.#
.#.≈≈≈≈§§§§#..
#.≈§≈88§§.#.##.
.#.§§88≈§≈.#..
# #.≈≈≈≈§
≈.#.)## .#.§≈≈≈
≈..#.#


You could see a cyclops, 2 molten gargoyles and a fire vortex.

Vanquished Creatures
  A very ugly thing (Abyss:1)
  A two-headed ogre (D:11)
  An orange crystal statue (D:8)
  A molten gargoyle (D:12)
  Psyche (D:11)
  An ancient zyme (Abyss:1)
  A troll (D:10)
  Prince Ribbit (D:5)
  A hornet (D:8)
  Sigmund (D:5)
  5 yaks (D:8)
  3 steam dragons
  A neqoxec (Abyss:1)
  2 large abominations (Abyss:1)
  2 acid dragons
  Edmund (D:5)
  A water moccasin (D:7)
  A small abomination (Abyss:1)
  6 orc warriors
  An ice beast (D:5)
  2 sky beasts
  2 black bears
  3 necrophages
  A centaur (D:9)
  A phantom (D:7)
  A kobold brigand (D:4)
  A gnoll sergeant (D:5)
  3 wights (D:7)
  3 electric eels (D:7)
  8 howler monkeys
  A lava snake (D:12)
  6 centaur zombies
  A bullfrog zombie (D:5)
  6 hounds
  A bullfrog skeleton (D:5)
  2 gnoll shamans
  6 orc priests
  A centaur skeleton (D:7)
  2 jellies
  4 iguanas
  A scorpion zombie (D:5)
  7 orc wizards
  A killer bee zombie (D:7)
  2 hound skeletons (D:4)
  A howler monkey zombie (D:9)
  17 gnolls
  A howler monkey skeleton (D:5)
  5 adders
  2 white imps
  An ufetubus (D:4)
  4 worms
  A dart slug (D:1)
  41 orcs
  8 ball pythons
  6 endoplasms
  10 goblins
  5 hobgoblins
  8 jackals
  2 quokkas
  3 bats
  2 frilled lizards (D:2)
  5 kobolds
  6 rats
227 creatures vanquished.

Vanquished Creatures (others)
  3 plants (D:7)
3 creatures vanquished.

Grand Total: 230 creatures vanquished

Notes
Turn   | Place    | Note
-------+----------+-------------------------------------------
     0 | D:1      | a11behringer the Minotaur Fighter began the quest for the
                  | Orb.
     0 | D:1      | Reached XP level 1. HP: 19/19 MP: 0/0
   141 | D:1      | Reached XP level 2. HP: 24/27 MP: 1/1
   235 | D:1      | Reached skill level 3 in Polearms
   539 | D:1      | Reached XP level 3. HP: 33/33 MP: 2/2
   679 | D:2      | Found a faded altar of an unknown god.
  1039 | D:2      | Reached skill level 4 in Polearms
  1077 | D:2      | Reached XP level 4. HP: 40/40 MP: 3/3
  1423 | D:3      | Noticed a black bear
  1430 | D:3      | Killed a black bear
  1431 | D:3      | Reached skill level 5 in Polearms
  1431 | D:3      | Reached XP level 5. HP: 38/47 MP: 4/4
  1747 | D:3      | Found a glowing silver altar of Zin.
  1993 | D:4      | Reached skill level 6 in Polearms
  2009 | D:4      | Identified the +11 dagger "Plojy" {pain, Fly Str+3 Int+4}
  2216 | D:4      | Identified the +2 hand axe "Xoves" {vamp, rElec rC+ rN+
                  | Str-3 SInv}
  2247 | D:4      | Reached XP level 6. HP: 53/53 MP: 5/5
  2270 | D:4      | Identified 2 scrolls of acquirement
  2270 | D:4      | Acquired 1011 gold pieces
  2272 | D:4      | Acquired the ring of the Queen {*Slow rElec rPois Str+6}
  2344 | D:4      | Reached skill level 1 in Dodging
  2355 | D:4      | Reached skill level 7 in Polearms
  2355 | D:4      | Reached skill level 5 in Armour
  2357 | D:4      | Reached XP level 7. HP: 47/60 MP: 6/6
  2559 | D:4      | Found a staircase to the Ecumenical Temple.
  2568 | Temple   | Entered the Ecumenical Temple
  2726 | Temple   | Became a worshipper of Warmaster Okawaru
  3072 | D:5      | Entered Level 5 of the Dungeon
  3132 | D:5      | Reached skill level 8 in Polearms
  3380 | D:5      | Reached skill level 5 in Fighting
  3607 | D:5      | Reached * piety under Okawaru
  3712 | D:5      | Reached skill level 1 in Invocations
  3883 | D:5      | Noticed Sigmund
  3883 | D:5      | Noticed Edmund
  3899 | D:5      | Killed Edmund
  3900 | D:5      | Reached skill level 9 in Polearms
  3900 | D:5      | Reached XP level 8. HP: 17/68 MP: 6/8
  3903 | D:5      | Killed Sigmund
  4219 | D:5      | Noticed Prince Ribbit
  4241 | D:5      | Killed Prince Ribbit
  4241 | D:5      | Reached ** piety under Okawaru
  4242 | D:5      | Reached skill level 10 in Polearms
  4662 | D:6      | Reached XP level 9. HP: 59/75 MP: 8/10
  5025 | D:7      | Reached skill level 11 in Polearms
  5081 | D:7      | Reached *** piety under Okawaru
  5220 | D:7      | Reached skill level 12 in Polearms
  6005 | D:8      | Reached **** piety under Okawaru
  6006 | D:8      | Reached skill level 13 in Polearms
  6067 | D:8      | You fall into a shaft and drop 3 floors!
  6152 | D:11     | Noticed Psyche
  6169 | D:11     | Cast into level 1 of the Abyss (Psyche)
  6265 | Abyss:1  | Reached XP level 10. HP: 57/86 MP: 12/12
  6342 | Abyss:1  | Noticed a large abomination
  6393 | Abyss:1  | Gained mutation: Armour fits poorly on your strangely
                  | shaped body. [a neqoxec]
  6497 | Abyss:1  | Noticed a starcursed mass
  6514 | Abyss:1  | Found a runed translucent gate.
  6514 | Abyss:1  | Found a runed translucent gate.
  6519 | Abyss:1  | Found a runed translucent gate.
  6613 | Abyss:1  | Noticed a large abomination
  6640 | Abyss:1  | Killed a large abomination
  6791 | Abyss:1  | Noticed a large abomination
  6794 | Abyss:1  | Found a corrupted altar of Lugonu.
  6816 | Abyss:1  | Identified the ring "Gex Una" {Will++ rCorr Str+3 Dex+3}
  6841 | Abyss:1  | Noticed a red very ugly thing
  6865 | Abyss:1  | Killed a red very ugly thing
  6866 | Abyss:1  | Reached skill level 14 in Polearms
  6868 | D:11     | Escaped the Abyss
  6874 | D:11     | Killed Psyche
  6875 | D:11     | Reached skill level 5 in Invocations
  6881 | D:11     | Reached ***** piety under Okawaru
  7069 | D:11     | Noticed a minotaur
  7069 | D:11     | Noticed Jiurphiho's ghost (journeyman GnCA)
  7070 | D:11     | Noticed a boulder beetle
  7072 | D:11     | Noticed a cyclops
  7127 | D:11     | Found a staircase to the Orcish Mines.
  7169 | D:10     | Entered Level 10 of the Dungeon
  7268 | D:10     | Reached skill level 15 in Polearms
  7273 | D:10     | Reached XP level 11. HP: 94/94 MP: 14/14
  7566 | D:9      | Received a gift from Okawaru
  7943 | D:8      | Found a runed translucent door.
  7947 | D:8      | Found the +10 tower shield of Ignorance {rN+ Int-4}
  7952 | D:8      | Noticed an orange crystal statue
  7980 | D:8      | Found a runed translucent door.
  8014 | D:8      | Noticed an orange crystal statue
  8014 | D:8      | Noticed an orange crystal statue
  8014 | D:8      | Noticed an orange crystal statue
  8044 | D:8      | Killed an orange crystal statue
  9236 | D:9      | Found a staircase to the Lair.
 10411 | D:11     | Found a snail-covered altar of Cheibriados.
 10440 | D:11     | Noticed a two-headed ogre
 10449 | D:11     | Killed a two-headed ogre
 10990 | D:11     | Found a runed translucent gate.
 10990 | D:11     | Found a runed translucent gate.
 10990 | D:11     | Found a runed translucent gate.
 11447 | D:12     | Killed from afar by a molten gargoyle

Illustrated notes

Levels and vault maps discovered:
D:1:      lightli_arrival_windingriver, layout_rooms
D:2:      layout_basic, hellmonk_ecumenical_altar_crossroads,
          nicolae_elevator_lobby_asterisk
D:3:      layout_rooms, zin_treasury, grunt_decor_one_mirror, grunt_decor_cap,
          kennysheep_generic_room_16
D:4:      layout_loops_ring, temple_statues
D:5:      layout_basic, uniq_sigmund, uniq_edmund, uniq_prince_ribbit1
D:6:      layout_cave_pools, st_stairs_14
D:7:      layout_rooms, minmay_strange_pillars, serial_bayou_lagoon_b
D:8:      layout_basic, dk_vineyard_1, kennysheep_cross_room,
          chequers_guarded_unrand_ignorance
D:9:      layout_gridville, lair_entry_dummy
D:10:     layout_long_grid
D:11:     layout_basic, david_orc_4, maelrawn_ghost_gauntlet_escape,
          slow_altar_2, uniq_psyche
D:12:     layout_basic, portal_ice_cave_demonic_guard, minivault_8
Temple:   kilobyte_greek_temple

Skill      XL: |  1  2  3  4  5  6  7  8  9 10 11 |
---------------+----------------------------------+-----
Polearms       | 3 4 5 6 7 9 10 13 15 | 15.4
Armour         | 4 5 7 9 |  9.8
Fighting       | 4 5 6 7 8 |  8.6
Shields        | 4 |  4.2
Dodging        | 1 2 3 |  3.1
Invocations    | 1 2 4 5 |  5.9

Action                   |  1- 3 |  4- 6 |  7- 9 | 10-12 || total
-------------------------+-------+-------+-------+-------++-------
Melee: Trident           |   100 |    92 |   326 |   236 ||   754
       Headbutt          |     8 |    15 |    60 |    63 ||   146
Invok: Heroism           |       |       |     1 |     6 ||     7
       Finesse           |       |       |       |     2 ||     2
  Use: Scroll            |       |     2 |    12 |     6 ||    20
       Potion            |       |       |     1 |     5 ||     6
Armor: Scale mail        |    52 |    31 |     6 |       ||    89
       Chain mail        |       |       |    64 |       ||    64
       Skin              |       |       |     4 |       ||     4
       Plate armour      |       |       |     2 |    80 ||    82
Dodge: Dodged            |    41 |    35 |    60 |    81 ||   217
Block: Buckler           |    21 |    17 |    41 |    38 ||   117

Table legend: (Time is in decaauts)
 A = Elapsed time spent in this place.
 B = Non-inter-level travel time spent in this place.
 C = Inter-level travel time spent in this place.
 D = Time resting spent in this place.
 E = Time spent auto-exploring this place.
 F = Levels seen in this place.
 G = Mean time per level.
                   A        B        C        D        E       F      G
               +--------+--------+--------+--------+--------+-----+--------+
         Total |  11305 |  10495 |    810 |    534 |   8312 |  14 |  807.5 |
       Dungeon |  10439 |   9673 |    766 |    531 |   7741 |  12 |  869.9 |
        Temple |    189 |    145 |     44 |      0 |    138 |   1 |  189.0 |
         Abyss |    676 |    676 |      0 |      3 |    433 |   1 |  676.0 |
               +--------+--------+--------+--------+--------+-----+--------+

Top non-repeatable levels by time:
    D:11: 1404 daAuts
     D:8: 1315 daAuts
     D:9: 1274 daAuts
     D:5: 1137 daAuts
     D:4: 1129 daAuts
    D:10: 835 daAuts
     D:7: 810 daAuts
     D:3: 708 daAuts
 Abyss:1: 676 daAuts
     D:1: 614 daAuts
     D:2: 613 daAuts
     D:6: 579 daAuts
  Temple: 189 daAuts
    D:12: 17 daAuts
